AoeStats
← willrhyd

Nomad

507350183Analyzed
4v4 RM · 15d ago on Sep 17, 2026· 26m 24s· 8 players
Game mode
Random Map
Map size
231×231
Population
200
Speed
Normal
Resources
Standard
Victory
Conquest
Starting age
Dark Age
Ending age
Imperial Age
RankedLock teamsTeams togetherTeam positionsShared explorationLock speedFull tech treeHidden civsTurbo modeCheats
Victory
Defeat
🇦🇷 Koreans · Argentina
1341
+17
🇺🇸 Wu · United States
1337
+17
🇨🇦 Wu · Canada
1330
+17
🇹🇷 Burmese · Türkiye
1324
+18
🇬🇧 Vietnamese · United Kingdom
1395
-18
🇲🇽 Inca · Mexico
1393
-19
🇬🇧 Persians · United Kingdom
1367
-18
🇨🇦 Berbers · Canada
1289
-14
DMenisDenisTTV
12:11 Feudal Age
14:59 Fishing Lines
17:39 Castle Age
16:05 Scale Mail Armor
16:48 Arson
17:18 Forging
19:21 Squires
25:43 Chain Mail Armor
?
3:31 Loom
12:31 Feudal Age
18:09 Castle Age
16:45 Horse Collar
19:11 Heavy Plow
26:01 Gold Mining
26:01 Stone Mining
26:52 Wheelbarrow
26:05 Town Watch
MATE
6:32 Loom
13:16 Feudal Age
17:53 Castle Age
16:20 Double-Bit Axe
17:19 Fletching
18:13 Gold Mining
19:01 Bodkin Arrow
25:49 Wheelbarrow
Ranchy
6:02 Loom
12:27 Feudal Age
13:12 Double-Bit Axe
15:06 Fishing Lines
19:08 Castle Age
17:34 Fletching
20:10 Bow Saw
21:35 Padded Archer Armor
21:30 Bodkin Arrow
21:53 Medium Warships
26:04 Wheelbarrow
IPwnAllNoobs
5:03 Loom
14:51 Feudal Age
20:43 Castle Age
21:10 Bloodlines
21:10 Scale Barding Armor
21:06 Horse Collar
21:14 Double-Bit Axe
botas.el.gato
10:51 Loom
13:31 Feudal Age
14:01 Double-Bit Axe
14:18 Town Watch
15:10 Fishing Lines
22:10 Castle Age
20:36 Forging
22:16 Fletching
23:16 Bodkin Arrow
Mothy
3:25 Loom
14:11 Feudal Age
16:54 Fletching
19:53 Castle Age
18:11 Double-Bit Axe
20:29 Bodkin Arrow
21:00 Bow Saw
20:34 Horse Collar
23:20 Padded Archer Armor
willrhyd
11:31 Feudal Age
12:30 Loom
18:47 Castle Age
17:21 Fishing Lines
19:13 Double-Bit Axe
20:17 Gillnets
23:10 Horse Collar
24:49 Scale Barding Armor
24:54 Forging
25:17 Bloodlines
25:49 Husbandry
Connection lost

Rejoining the realm…

Still unreachable

The connection could not be restored.

Session expired

The server has moved on; the page needs a fresh start.